 Dungeon Crawl Stone Soup version 0.21.1-1-g345015f (webtiles) character file.

2999 Monsterracer the Destroyer (level 9, 0/72 HPs)
             Began as a Purple Draconian Wizard on Mar 14, 2018.
             Was a Follower of Ashenzari.
             Slain by a hellwing (15 damage)
             ... on level 7 of the Dungeon.
             The game lasted 00:17:56 (9862 turns).

Monsterracer the Destroyer (DrWz)                   Turns: 9862, Time: 00:17:58

Health: 0/72       AC: 10    Str: 11    XL:     9   Next: 54%
Magic:  14/19      EV: 13    Int: 21    God:    Ashenzari [*.....]
Gold:   223        SH:  0    Dex:  9    Spells: 12/21 levels left

rFire    . . .     SeeInvis .   a - +0 flail (protect) (curse)
rCold    . . .     Gourm    .   (no shield)
rNeg     . . .     Faith    .   (armour unavailable)
rPois    .         Spirit   .   i - +2 hat (curse)
rElec    .         Reflect  .   v - +0 cloak (curse)
rCorr    +         Harm     .   (no gloves)
MR       +....                  (no boots)
Stlth    +++.......             y - amulet of magic regeneration (curse)
HPRegen  0.22/turn              e - ring of resist corrosion (curse) {!d}
MPRegen  0.41/turn              l - ring of stealth (curse)

@: short of breath, very slightly contaminated
A: breathe power, unfitting armour, cold-blooded, AC +7
a: Breathe Dispelling Energy, Curse Item, Scrying, Renounce Religion


You were on level 7 of the Dungeon.
You worshipped Ashenzari.
Ashenzari was aware of your devotion.
You were not hungry.

You visited 2 branches of the dungeon, and saw 8 of its levels.

You collected 333 gold pieces.
You spent 110 gold pieces at shops.

Inventory:

Hand Weapons
 a - a cursed +0 flail of protection (weapon)
Armour
 f - a +0 shield
 i - a cursed +2 hat (worn)
 v - a cursed +0 cloak (worn)
Jewellery
 e - a cursed ring of resist corrosion (left hand) {!d}
 l - a cursed ring of stealth (right hand)
 x - an uncursed ring of protection from magic {!d}
 y - a cursed amulet of magic regeneration (around neck)
Wands
 b - a wand of flame (24)
 k - a wand of digging (8)
 w - a wand of acid (4)
Scrolls
 g - 3 scrolls of remove curse
 r - a scroll of enchant weapon
 t - a scroll of blinking
 u - 2 scrolls of fear {!r}
 z - a scroll of magic mapping {!r}
 B - a scroll of enchant armour
Potions
 d - a potion of agility
 h - a potion of might
 j - a potion of degeneration {unknown}
 m - a potion of lignification {unknown}
 n - a potion of magic
 o - a potion of ambrosia {!q}
 p - 4 potions of brilliance
 q - a potion of curing
 s - a potion of flight {unknown}
 A - 2 potions of heal wounds
Comestibles
 c - 13 rations


   Skills:
 + Level 4.3 Fighting
 * Level 5.6 Maces & Flails
 + Level 4.1 Dodging
 - Level 1.7 Stealth
 + Level 6.8 Spellcasting
 * Level 9.0 Conjurations
   Level 1.0 Summonings
 - Level 1.0 Translocations


You had 12 spell levels left.
You knew the following spells:

 Your Spells              Type           Power        Failure   Level  Hunger
a - Magic Dart            Conj           ####         1%          1    None
b - Conjure Flame         Conj/Fire      ####....     4%          3    #......
c - Mephitic Cloud        Conj/Pois/Air  ###.....     8%          3    #......
e - Blink                 Tloc           N/A          9%          2    None


Dungeon Overview and Level Annotations

Branches:
Dungeon (7/15)             Temple (1/1) D:5

Altars:
Ashenzari
Cheibriados
Dithmenos
Elyvilon
Fedhas
Gozag
Hepliaklqana
Kikubaaqudgha
Makhleb
Nemelex Xobeh
Okawaru
Qazlal
Uskayaw
Vehumet
Wu Jian
Xom
Yredelemnul
The Shining One

Shops:
D:7 ?


Innate Abilities, Weirdness & Mutations

You can breathe bolts of dispelling energy.
Your rich purple scales are hard. (AC +7)
You cannot fit into any form of body armour.
You are cold-blooded and may be slowed by cold attacks.


Message History

Press: ? - help, Shift-Dir - straight line, f/p - Menkaure
Aim: Menkaure (lightly damaged)
The magic dart hits Menkaure.
Menkaure is lightly damaged.
Menkaure casts a spell at you. You resist with some effort.
You now have 17/19 mp.
Casting: Magic Dart
Confirm with . or Enter, or press ? or * to list all spells.
Aiming: Magic Dart
Press: ? - help, Shift-Dir - straight line, f/p - Menkaure
Aim: Menkaure (lightly damaged)
The magic dart hits Menkaure.
Menkaure is moderately damaged.
You hit Menkaure.
Your weapon exudes an aura of protection.
Menkaure is heavily damaged.
Menkaure calls on the powers of darkness!
Your body is wracked with pain!
A hellwing comes into view.
You take 34 damage, and have 37/71 hp.
MASSIVE DAMAGE!!
Menkaure gestures wildly while chanting.
Menkaure seems to speed up.
The hellwing gives a chilling moan.
MP restored: 19
Press: ? - help, Shift-Dir - straight line, f/p - Menkaure
Aim: Menkaure (heavily damaged, fast)
You breathe a bolt of dispelling energy.
The bolt of dispelling energy hits Menkaure.
Menkaure is almost destroyed.
Menkaure's magical effects unravel!
You feel somewhat more hungry.
You barely miss Menkaure.
Menkaure is almost destroyed.
You barely miss Menkaure.
Menkaure is almost destroyed.
Menkaure closely misses you.
You hit Menkaure.
Your weapon exudes an aura of protection.
Menkaure is almost destroyed.
The hellwing swoops through the air toward you!
The hellwing hits you!
* * * LOW HITPOINT WARNING * * *
The hellwing closely misses you. Menkaure barely misses you.
You take 10 damage, and have 29/71 hp.
You hit Menkaure but do no damage.
Menkaure is almost destroyed.
The hellwing hits you.
* * * LOW HITPOINT WARNING * * *
The hellwing closely misses you. Menkaure misses you.
The hellwing hits you but does no damage.
The hellwing barely misses you.
You take 2 damage, and have 27/71 hp.
Casting: Magic Dart
Confirm with . or Enter, or press ? or * to list all spells.
You blink.
You now have 17/19 mp.
Casting: Blink
Confirm with . or Enter, or press ? or * to list all spells.
Aiming: Magic Dart
Press: ? - help, Shift-Dir - straight line, f/p - Menkaure
Aim: Menkaure (almost destroyed)
The magic dart hits Menkaure.
You destroy Menkaure!
You now have 16/19 mp.
Press: ? - help, v - describe, . - travel
Here: a hellwing The floor.
You hit the hellwing but do no damage.
You tail-slap the hellwing, but do no damage.
The hellwing hits you!
* * * LOW HITPOINT WARNING * * *
The hellwing hits you.
* * * LOW HITPOINT WARNING * * *
You take 14 damage, and have 14/72 hp.
Casting: Magic Dart
Confirm with . or Enter, or press ? or * to list all spells.
You miscast Blink.
You are very lightly contaminated with residual magic.
Nothing appears to happen.
The hellwing hits you but does no damage. x2
You now have 15/19 mp.
Casting: Blink
Confirm with . or Enter, or press ? or * to list all spells.
You blink.
You now have 14/19 mp.
Okay, then.
Evoke which item? (* to show all) (? for menu, Esc to quit)
Aiming: Corrosive Bolt
Press: ? - help, Shift-Dir - straight line, f - hellwing
Aim: a hellwing The bolt of acid misses the hellwing.
Evoke which item? (* to show all) (? for menu, Esc to quit)
Aiming: Corrosive Bolt
Press: ? - help, Shift-Dir - straight line, f/p - hellwing
Aim: a hellwing The bolt of acid hits the hellwing.
The hellwing appears unharmed.
You hear a shout!
The hellwing swoops through the air toward you!
The hellwing hits you!
You die...

#.# ..... ##.#.# ....# #
.# #.#.# .#..#
###.#.#####.#..##
................
...#.###.#.#.#ยง#.#..##
.......4@.............
...#.###.#.#.#.#.#..## #
........................
..#.#####.#.#.#.#.###.#
#.#.#.#.#.###.#
#.#.#.........#
#.#.#.#.#.###.##
#.#.#.#.#.# #...
........#.###.##


You could see a hellwing.

Vanquished Creatures
  A centaur zombie (D:7)
  The ghost of letownia2 the Insei, an amateur MfTm (D:3)
  Menkaure (D:7)
  2 sky beasts
  A phantom (D:6)
  3 ogres
  2 bullfrogs (D:6)
  2 wyvern zombies
  A gnoll sergeant (D:7)
  2 wyvern skeletons (D:7)
  2 scorpions
  2 crimson imps
  A quasit (D:7)
  4 hounds
  4 orc priests
  A centaur skeleton (D:7)
  2 jellies
  An iguana (D:7)
  5 worker ants
  9 orc wizards
  A howler monkey skeleton (D:6)
  11 gnolls
  2 river rats (D:3)
  14 adders
  5 shadow imps
  An ooze (D:2)
  An adder zombie (D:5)
  7 worms
  2 dart slugs
  11 leopard geckos
  18 orcs
  5 bats
  9 giant cockroaches
  13 goblins
  5 hobgoblins
  9 jackals
  9 kobolds
  5 quokkas
  6 frilled lizards
  A jackal zombie (D:5)
  A leopard gecko skeleton (D:5)
  A quokka skeleton (D:4)
  10 rats
  A spectral orc (D:4)
195 creatures vanquished.

Vanquished Creatures (collateral kills)
  A gnoll (D:3)
1 creature vanquished.

Vanquished Creatures (others)
  An orc (D:6)
1 creature vanquished.

Grand Total: 197 creatures vanquished

Notes
Turn   | Place    | Note
-------+----------+-------------------------------------------
     0 | D:1      | Monsterracer the Draconian Wizard began the quest for the Orb.
     0 | D:1      | Reached XP level 1. HP: 14/14 MP: 4/4
   172 | D:1      | Reached skill level 2 in Conjurations
   237 | D:1      | Reached XP level 2. HP: 20/20 MP: 3/6
   596 | D:1      | Learned a level 2 spell: Blink
   829 | D:1      | Reached skill level 3 in Conjurations
   939 | D:1      | Reached XP level 3. HP: 26/26 MP: 3/7
  1614 | D:2      | Reached XP level 4. HP: 26/33 MP: 2/8
  1680 | D:2      | Reached skill level 4 in Conjurations
  1702 | D:2      | HP: 8/33 [gnoll/spear (11)]
  1967 | D:2      | HP: 15/33 [gnoll/spear (3)]
  2167 | D:2      | Found a white marble altar of Elyvilon.
  2268 | D:2      | Found a shadowy altar of Dithmenos.
  2433 | D:2      | Found a snail-covered altar of Cheibriados.
  2471 | D:2      | Found a burning altar of Makhleb.
  2473 | D:2      | Noticed a green death
  3082 | D:3      | Found a stormy altar of Qazlal.
  3094 | D:3      | Reached XP level 5. HP: 34/38 MP: 4/9
  3100 | D:3      | Reached skill level 5 in Conjurations
  3112 | D:3      | Noticed letownia2's ghost (amateur MfTm)
  3121 | D:3      | Learned a level 3 spell: Conjure Flame
  3125 | D:3      | Learned a level 3 spell: Mephitic Cloud
  3151 | D:3      | HP: 9/38 [gnoll/spear (11)]
  3164 | D:3      | HP: 3/38 [gnoll/spear (7)]
  3171 | D:3      | Found a blossoming altar of Fedhas.
  3212 | D:4      | HP: 8/38 [leopard gecko (1)]
  3326 | D:4      | Found a basalt altar of Yredelemnul.
  3430 | D:4      | HP: 19/38 [poisoned by a scorpion]
  3453 | D:4      | Noticed an ogre
  3458 | D:4      | Killed an ogre
  3458 | D:4      | Reached XP level 6. HP: 24/45 MP: 8/11
  3536 | D:4      | Reached skill level 6 in Conjurations
  3664 | D:4      | HP: 8/45 [ogre/giant club (18)]
  3699 | D:3      | HP: 7/45 [gnoll/spear (6)]
  3700 | D:3      | HP: 2/45 [orc priest/mace (5)]
  3795 | D:3      | HP: 11/45 [something/magic dart (6)]
  3800 | D:3      | HP: 5/45 [river rat (3)]
  3806 | D:3      | HP: 2/45 [cloud of noxious fumes (2)]
  3813 | D:3      | Your scales start taking on a rich purple colour.
  3813 | D:3      | Reached XP level 7. HP: 2/50 MP: 0/14
  3870 | D:3      | Reached skill level 5 in Spellcasting
  3877 | D:3      | HP: 9/50 [gnoll/club (4)]
  3932 | D:3      | HP: 16/50 [worm (3)]
  3945 | D:3      | HP: 11/50 [river rat (5)]
  4550 | D:3      | Killed letownia2's ghost
  4550 | D:3      | Reached skill level 1 in Fighting
  4550 | D:3      | Reached skill level 1 in Maces & Flails
  4550 | D:3      | Reached skill level 7 in Conjurations
  5737 | D:5      | Entered Level 5 of the Dungeon
  5853 | D:5      | Reached XP level 8. HP: 61/61 MP: 11/16
  5916 | D:5      | Found a staircase to the Ecumenical Temple.
  5970 | Temple   | Entered the Ecumenical Temple
  6031 | Temple   | Became a worshipper of Ashenzari the Shackled
  6091 | D:5      | Found a sparkling altar of Nemelex Xobeh.
  6933 | D:6      | HP: 14/62 [ogre/giant club (23)]
  7445 | D:6      | Reached skill level 8 in Conjurations
  7963 | D:6      | Reached * piety under Ashenzari
  8765 | D:7      | Reached XP level 9. HP: 70/70 MP: 14/18
  8799 | D:7      | Noticed Menkaure
  8835 | D:7      | HP: 19/70 [??? (17)]
  9261 | D:7      | HP: 35/70 [gnoll sergeant/spear of flaming (5)]
  9269 | D:7      | HP: 32/70 [gnoll sergeant/spear of flaming (4)]
  9418 | D:7      | Reached skill level 5 in Maces & Flails
  9568 | D:7      | Reached skill level 9 in Conjurations
  9707 | D:7      | Found Xumaffuo's Magic Scroll Boutique.
  9732 | D:7      | Bought a scroll of magic mapping for 35 gold pieces
  9732 | D:7      | Bought a scroll of enchant armour for 75 gold pieces
  9848 | D:7      | Noticed a hellwing
  9854 | D:7      | HP: 29/71 [hellwing (10)]
  9857 | D:7      | Killed Menkaure
  9858 | D:7      | HP: 14/72 [hellwing (4)]
  9862 | D:7      | Slain by a hellwing

Skill      XL: |  1  2  3  4  5  6  7  8  9 |
---------------+----------------------------+-----
Conjurations   | 2 3 4 5 6 7 8 9 |  9.0
Spellcasting   | 4 5 6 |  6.8
Fighting       | 1 3 4 |  4.3
Maces & Flails | 2 4 5 |  5.6
Dodging        | 2 3 4 |  4.1
Stealth        | |  1.7
Summonings     | |  1.0
Translocations | |  1.0

Action                   |  1- 3 |  4- 6 |  7- 9 || total
-------------------------+-------+-------+-------++-------
Melee: Unarmed           |    10 |       |       ||    10
       Dagger            |    18 |       |       ||    18
       Tailslap          |     1 |     5 |     6 ||    12
       Spear             |     7 |    10 |       ||    17
       Mace              |       |    60 |    17 ||    77
       Flail             |       |       |   108 ||   108
 Cast: Magic Dart        |    74 |   114 |   324 ||   512
       Mephitic Cloud    |       |     5 |     8 ||    13
       Blink             |       |     1 |     4 ||     5
       Conjure Flame     |       |       |    10 ||    10
Invok: Curse Item        |       |       |     6 ||     6
 Abil: Breathe Dispellin |       |       |    13 ||    13
Evoke: Wand              |       |       |     2 ||     2
  Use: Scroll            |       |     5 |     6 ||    11
       Potion            |       |     3 |       ||     3
 Stab: Sleeping          |       |     1 |       ||     1
       Confused          |       |     1 |     1 ||     2
  Eat: Chunk             |     2 |     7 |    15 ||    24
       Ration            |       |       |     2 ||     2
Armor: Skin              |    20 |    47 |    62 ||   129
Dodge: Dodged            |    35 |    70 |   100 ||   205

Vault maps used:
D:1:      minmay_arrival_plants_in_alcoves
D:2:      makhleb_altar_promises_db, elyvilon_altar_5, cheibriados_altar_1,
          nicolae_dithmenos_through_a_glass_darkly
D:3:      nicolae_overflow_crystal_walls, nicolae_qazlal_general_emergency,
          lightli_sewer_entry_pipes, eino_tiny_chamber
D:4:      yredelemnul_forgotten_temple_becter, first_ration
D:5:      lemuel_doored_altar, minmay_temple_entry_butterflies
D:6:      minmay_misc_feat_nine_boxes
D:7:      cheibrodos_grave_circle, serial_shops, shop_fountains, uniq_joseph,
          uniq_menkaure
Temple:   compressed_dpeg_circular_temple
